 Dungeon Crawl Stone Soup version 0.19.1 (webtiles) character file.

93 kengeki the Digger (level 4, -7/24 HPs)
             Began as a Gargoyle Earth Elementalist on Nov 29, 2016.
             Shot with a bolt by a big kobold (11 damage)
             ... in a sewer.
             The game lasted 00:23:47 (2272 turns).

kengeki the Digger (Gargoyle Earth Elementalist)    Turns: 2272, Time: 00:23:47

Health: -7/24      AC:  6    Str: 11    XL:     4   Next: 61%
Magic:  2/8        EV: 12    Int: 17    God:
Gold:   71         SH:  0    Dex: 10    Spells: 2 memorised, 5 levels left

rFire  . . .     SeeInvis .     b - 34 stones
rCold  . . .     Gourm    .     c - +0 robe
rNeg   + . .     Faith    .     (no shield)
rPois  ∞         Spirit   .     (no helmet)
rElec  +         Reflect  .     (no cloak)
rCorr  .         Harm     .     h - +0 pair of gloves
MR     .....                    (no boots)
Stlth  ++........               (no amulet)
                                (no ring)
                                (no ring)

@: no status effects
A: negative energy resistance 1, electricity resistance, unbreathing,
petrification resistance, rot immunity, AC +3
a: no special abilities


You were in a sewer.
You were not hungry.

You visited 1 branch of the dungeon, and saw 3 of its levels.
You also visited: Sewer.

You collected 71 gold pieces.

Inventory:

Hand Weapons
 a - a +1 dagger of venom
Missiles
 b - 34 stones (in hand)
Armour
 c - a +0 robe (worn)
 h - a +0 pair of gloves (worn)
Scrolls
 n - a scroll of enchant weapon
 o - 2 scrolls of remove curse
 s - a scroll of recharging
Potions
 g - a potion of resistance
 i - a potion of heal wounds {unknown}
 l - a potion of cancellation {unknown}
 m - a potion of degeneration {unknown}
 r - a potion of agility {unknown}
Books
 e - a book of Geomancy

   Spells                             Type                      Level
   a - Sandblast                      Earth                        1
   b - Passwall                       Transmutation/Earth          2
   c - Stone Arrow                    Conjuration/Earth            3
   d - Petrify                        Transmutation/Earth          4
   e - Lee's Rapid Deconstruction     Earth                        5
Comestibles
 d - a bread ration
 f - 6 fruits
 j - a beef jerky
 k - a meat ration
 p - 2 chunks of flesh


   Skills:
 - Level 1.5 Dodging
 - Level 2.1 Stealth
 + Level 3.2 Spellcasting
 + Level 1.9 Conjurations
   Level 0.7 Transmutations
 + Level 4.6 Earth Magic


You had 5 spell levels left.
You knew the following spells:

 Your Spells              Type           Power        Failure   Level  Hunger
a - Sandblast             Erth           ###...       2%          1    None
s - Stone Arrow           Conj/Erth      ##....       14%         3    ###....


Dungeon Overview and Level Annotations

Branches:
Dungeon (3/15)

Altars:
Yredelemnul

Annotations:
D:1 exclusion: downstairs
D:2 Sigmund


Innate Abilities, Weirdness & Mutations

You are resistant to torment.
Your stone body is resilient. (AC +3)
You are immune to poison.
You resist negative energy. (rN+)
You are resistant to electric shocks. (rElec)
You can survive without breathing.
You are immune to petrification.
You are immune to rotting.


Message History

Aiming: Sandblast
Press: ? - help, Shift-Dir - straight line, f/p - big kobold
Aim: a big kobold, wielding a hand crossbow The rocky blast hits the big kobold.
The big kobold is lightly wounded.
The big kobold shoots a bolt.
The bolt hits you.
* * * LOW HITPOINT WARNING * * *
Okay, then.
Unknown command.
Okay, then.
Unknown command.
Casting: Sandblast
Confirm with . or Enter, or press ? or * to list all spells.
Aiming: Sandblast
Press: ? - help, Shift-Dir - straight line, f/p - big kobold
Aim: a big kobold, wielding a hand crossbow (lightly wounded)
The rocky blast hits the big kobold.
The big kobold is moderately wounded.
The big kobold shoots a bolt.
The bolt hits you!
You die...

#.....≈≈≈≈≈#
##....≈≈≈≈≈≈≈
#......≈≈≈≈≈≈
#.....≈≈≈≈≈≈≈
#....≈≈≈≈≈≈≈≈
##....≈≈≈≈≈≈≈
#...≈≈≈≈≈≈≈≈
#....≈≈≈≈≈≈≈
##@(.≈≈≈≈≈≈≈
##'###≈≈≈≈≈
.).. ≈≈≈≈≈
..K†.#≈≈≈≈≈
##...## ≈≈≈≈
..... ≈≈≈
!.#.!# ###
###


You could see a big kobold.

Vanquished Creatures
  2 adders (D:3)
  2 worms (D:2)
  A dart slug (D:3)
  An orc (D:3)
  8 bats
  4 giant cockroaches (D:3)
  5 goblins
  7 hobgoblins
  6 jackals
  A quokka (D:3)
  3 ball pythons
  A frilled lizard (D:3)
  13 kobolds
  10 rats
64 creatures vanquished.

Notes
Turn   | Place    | Note
-------+----------+-------------------------------------------
     0 | D:1      | kengeki the Gargoyle Earth Elementalist began the quest for the Orb.
     0 | D:1      | Reached XP level 1. HP: 10/10 MP: 3/3
   137 | D:1      | Reached XP level 2. HP: 15/15 MP: 3/5
   659 | D:1      | Reached skill level 4 in Earth Magic
   828 | D:1      | Reached XP level 3. HP: 19/19 MP: 5/7
   833 | D:1      | Learned a level 3 spell: Stone Arrow
  1132 | D:2      | Noticed Sigmund
  1544 | D:3      | Reached skill level 1 in Conjurations
  1611 | D:3      | Reached XP level 4. HP: 24/24 MP: 6/8
  1787 | D:3      | Found a basalt altar of Yredelemnul.
  1895 | D:3      | Found a glowing drain.
  1931 | Sewer    | Entered a sewer
  2265 | Sewer    | Noticed a big kobold
  2272 | Sewer    | Shot with a bolt by a big kobold

Skill      XL: |  1  2  3 |
---------------+----------+-----
Earth Magic    | 4 |  4.6
Spellcasting   | 3 |  3.2
Conjurations   | 1 |  1.9
Dodging        | |  1.5
Stealth        | |  2.1
Transmutations | |  0.7

Action                   |  1- 3 |  4- 6 || total
-------------------------+-------+-------++-------
Melee: Dagger            |     3 |     6 ||     9
 Cast: Sandblast         |    62 |    45 ||   107
  Use: Scroll            |     4 |     2 ||     6
  Eat: Chunk             |     2 |     2 ||     4
Armor: Robe              |     7 |    11 ||    18
Dodge: Dodged            |    29 |    10 ||    39
